 Dungeon Crawl Stone Soup version 0.27.1 (webtiles) character file.

Game seed: 9945604302932713150

1 Malachi the Sneak (level 1, -2/19 HPs)
             Began as a Ghoul Delver on Aug 24, 2021.
             Slain by Blork the orc (14 damage)
             ... on level 4 of the Dungeon.
             The game lasted 00:00:14 (64 turns).

Malachi the Sneak (Ghoul Delver)                      Turns: 64, Time: 00:00:15

Health: -2/19      AC:  3    Str: 15    XL:     1   Next: 20%
Magic:  0/0        EV: 11    Int:  5    God:
Gold:   0          SH:  0    Dex: 10    Spells: 0/0 levels left

rFire    . . .     SeeInvis .     - Unarmed
rCold    + . .     Faith    .   (no shield)
rNeg     + + +     Spirit   .   a - +0 leather armour
rPois    ∞         Reflect  .   (no helmet)
rElec    .         Harm     .   (no cloak)
rCorr    .         Rampage  .   (no gloves)
Will     .....                  (no boots)
Stlth    +++.......             (no amulet)
HPRegen  0.00/turn              (no ring)
MPRegen  0.07/turn              (no ring)

@: inhibited regen
A: claws 1, cold resistance 1, negative energy resistance 3, inhibited
regeneration, torment resistance 2
a: no special abilities


You were on level 4 of the Dungeon.
You visited 1 branch of the dungeon, and saw 2 of its levels.

Inventory:

Armour
 a - a +0 leather armour (worn)
Wands
 f - a wand of digging (3)
Scrolls
 b - a scroll of fog
 c - a scroll of magic mapping
 d - a scroll of fear
Potions
 e - a potion of haste
 g - a potion of cancellation {unknown}


   Skills:
 + Level 3.2 Fighting
 + Level 1.7 Dodging
 + Level 5.5 Stealth
 + Level 2.1 Unarmed Combat


You couldn't memorise any spells.
You didn't know any spells.
Your spell library was empty.

Dungeon Overview and Level Annotations

Branches:
Dungeon (5/15)
 Temple: D:4-7

Altars:

Annotations:
D:4 Blork the orc


Innate Abilities, Weirdness & Mutations

You thrive by killing the living.
You are immune to poison.
You have sharp fingernails.
Your flesh is cold resistant. (rC+)
You are immune to negative energy. (rN+++)
You do not regenerate when monsters are visible.
You are immune to unholy pain and torment.


Message History

The sky beast flickers out of sight!
Deactivating autopickup; reactivate with Ctrl-A.
A quokka comes into view.
Something hits you. Something shocks you.
You are too injured to fight recklessly!
You are too injured to fight recklessly!
Something hits you but does no damage.
The howler monkey hoots and howls with incredible vigour!
A sky beast appears from thin air!
Reactivating autopickup.
You hear a shout!
You hear a bark!
The sky beast barely misses you.
A necrophage comes into view.
The quokka closely misses you.
There is a stone staircase leading up here.
The quokka bites you but does no damage.
The orc barely misses you.
You climb upwards.
Found a book of Minor Magic.
There is a stone staircase leading down here.
Unknown command.
You are too injured to fight recklessly!
You scratch the quokka.
You kill the quokka!
You feel better.
Blork the orc shouts!
You see here a quokka corpse.
Found a stone staircase leading up.
Blork the orc looks satisfied for a moment.
You claw Blork the orc!
Blork the orc is moderately wounded.
Blork the orc misses you.
You barely miss Blork the orc.
Blork the orc is moderately wounded.
Blork the orc drinks a potion.
Blork the orc seems to grow stronger.
You closely miss Blork the orc.
Blork the orc is moderately wounded.
Blork the orc hits you with a +0 war axe!
Ouch! That really hurt!
You die...

#......#
####......#
.:....o..#
#..#...#####.
#>.........
##†.......<
##.######
##o# #@##
#..# #...#
#....# ##...#
#...# ....#
.#.#..


You could see Blork the orc (strong).

Vanquished Creatures
  A quokka (D:4)
1 creature vanquished.

Notes
Turn   | Place    | Note
-------+----------+-------------------------------------------
     0 | D:5      | Malachi the Ghoul Delver began the quest for the Orb.
     0 | D:5      | Reached XP level 1. HP: 19/19 MP: 0/0
    31 | D:5      | Noticed a sky beast
    33 | D:5      | Noticed an orc wizard
    37 | D:5      | Noticed a howler monkey
    45 | D:5      | Noticed a necrophage
    49 | D:4      | Noticed Blork the orc
    64 | D:4      | Slain by Blork the orc

Illustrated notes

Levels and vault maps discovered:
D:4:      layout_loops_ring, lemuel_coloured_pillars_altar, uniq_blork_the_orc
D:5:      layout_cave_pools, minmay_temple_entry_mist, portal_sewer_entry_e,
          serial_bayou_pond_e, grunt_ministairs_2, st_stairs_14,
          grunt_decor_one_mirror

Action                   || total
-------------------------++-------
Melee: Unarmed           ||     4
Armor: Leather armour    ||     2
Dodge: Dodged            ||     4
